 Dungeon Crawl Stone Soup version 0.26.0-10-g1f06aea511 (webtiles) character file.

Game seed: 16766632654586271988

1423 mopl the Ruffian (level 8, 0/63 HPs)
             Began as a Palentonga Transmuter on Jan 16, 2021.
             Was a Priest of Lugonu.
             Killed by divine providence
             ... invoked by an orc priest
              (11 damage)
             ... on level 6 of the Dungeon.
             The game lasted 00:06:08 (5930 turns).

mopl the Ruffian (Palentonga Transmuter)            Turns: 5930, Time: 00:06:08

Health: 0/63       AC: 16    Str: 13    XL:     8   Next: 44%
Magic:  0/14       EV:  8    Int: 16    God:    Lugonu [***...]
Gold:   459        SH:  0    Dex: 11    Spells: 4/15 levels left

rFire    . . .     SeeInvis +     - Unarmed
rCold    . . .     Faith    .   (no shield)
rNeg     . . .     Spirit   +   a - +0 robe
rPois    +         Reflect  .   (no helmet)
rElec    .         Harm     .   t - +0 cloak
rCorr    .         Rampage  .   (no gloves)
Will     .....                  F - +0 barding
Stlth    +.........             n - amulet of guardian spirit
HPRegen  0.20/turn              v - ring of poison resistance
MPRegen  0.14/turn              y - ring of see invisible

@: wereblooded (expiring), curled up
A: large, rugged brown scales 3, see invisible, deformed body, roll 1, armoured
tail, reflexive curl
a: Rolling Charge, Renounce Religion, Depart the Abyss, Bend Space, Banish


You were on level 6 of the Dungeon.
You worshipped Lugonu.
Lugonu was most pleased with you.
You visited 1 branch of the dungeon, and saw 6 of its levels.

You collected 459 gold pieces.

Inventory:

Missiles
 c - 8 curare-tipped darts
 C - 3 boomerangs
Armour
 a - a +0 robe (worn)
 j - a +0 plate armour
 r - a +3 scale mail of cold resistance
 t - a +0 cloak (worn)
 F - a +0 barding (worn)
Jewellery
 n - an amulet of guardian spirit (around neck)
 v - a ring of poison resistance (left hand)
 y - a ring of see invisible (right hand)
Wands
 o - a wand of flame (26)
 x - a wand of random effects (15)
 E - a wand of digging (4)
 G - a wand of disintegration (19)
Scrolls
 d - 2 scrolls of noise {unknown}
 e - 4 scrolls of teleportation {unknown}
 f - 3 scrolls of immolation {unknown}
 g - 5 scrolls of remove curse
 i - 5 scrolls of identify {unknown}
 k - a scroll of blinking {unknown}
 l - a scroll of enchant armour {unknown}
 p - a scroll of random uselessness {unknown}
 w - a scroll of fog {unknown}
 z - a scroll of amnesia {unknown}
 B - a scroll of magic mapping {unknown}
Potions
 b - 2 potions of degeneration {unknown}
 h - 2 potions of flight {unknown}
 m - a potion of lignification {unknown}
 q - 2 potions of mutation {unknown}
 s - 3 potions of haste {unknown}
 u - a potion of heal wounds {unknown}
 A - a potion of curing {unknown}
 D - a potion of brilliance {unknown}


   Skills:
 - Level 1.0 Fighting
 - Level 1.5 Dodging
 * Level 6.6 Unarmed Combat
 + Level 4.2 Spellcasting
 * Level 6.4 Transmutations
 + Level 2.4 Ice Magic
 - Level 2.0 Poison Magic


You had 4 spell levels left.
You knew the following spells:

 Your Spells              Type           Power        Failure   Level
a - Beastly Appendage     Tmut           48%          1%          1
b - Spider Form           Tmut/Pois      8%           9%          3
c - Apportation           Tloc           6%           17%         1
d - Ice Form              Ice/Tmut       17%          26%         4
w - Wereblood             Tmut           24%          1%          2

Your spell library contained the following spells:

 Spells                   Type           Power        Failure   Level
 Animate Skeleton         Necr           6%           17%         1
 Corona                   Hex            3%           17%         1
 Summon Small Mammal      Summ           12%          17%         1
 Blade Hands              Tmut           12%          32%         5


Dungeon Overview and Level Annotations

Branches:
Dungeon (6/15)             Temple (0/1) D:6

Altars:
Kikubaaqudgha
Ru
Sif Muna
Vehumet
Yredelemnul
Lugonu


Innate Abilities, Weirdness & Mutations

You are completely covered in rugged brown scales. (AC +3, +7% HP)
You have supernaturally acute eyesight. (SInv)
Armour fits poorly on your strangely shaped body.
You can roll at nearby foes to attack.
You have a long armoured tail.
You curl defensively after being hit.


Message History

The orc priest burns you.
An orc priest comes into view. It is wielding a +0 dagger.
You punch the orc priest!
You kill the orc priest!
Lugonu accepts your kill.
Your primal bloodlust is almost over.
The orc priest mumbles some strange prayers to Beogh against you.
Beogh smites you!
* * * LOW HITPOINT WARNING * * *
The hound barely misses you.
You howl as the wereblood boils in your veins!
You hear a shout!
Unknown command.
You closely miss the hound.
Your tail-slap misses the hound.
You howl as the wereblood boils in your veins!
The hound bites you.
* * * LOW HITPOINT WARNING * * *
The orc priest invokes the aid of Beogh against you.
Beogh smites you!
You die...

#..#####..#
#.......## ####
####.....##...##
##..........##
#............# .
#............#
#..#....[.......#
o..............## .
#.....@h.#...##
...########o#####
#..#.F.##..o##
.##.o..F.o....####
o.......o..o.....#
o.....o........#.##
.......#########..#
......##...#...##.#
....o##.........#.#


You could see a hound, an orc priest, an orc wizard and an orc.

Vanquished Creatures
  Pikel (D:4)
  Sigmund (D:2)
  2 centaurs
  4 lemures
  A bullfrog (D:6)
  A centaur zombie (D:3)
  A jelly (D:5)
  4 orc wizards
  An orc priest (D:6)
  Terence (D:2)
  An iguana (D:5)
  3 worker ants
  2 worker ant zombies (D:3)
  4 gnolls (D:5)
  A howler monkey zombie (D:3)
  6 adders
  A white imp (D:6)
  An ufetubus (D:5)
  An ooze (D:1)
  2 adder skeletons (D:3)
  4 worms
  2 dart slugs
  3 leopard geckos
  12 orcs
  4 giant cockroaches
  10 goblins
  6 hobgoblins
  13 jackals
  3 quokkas
  3 ball pythons
  A ball python skeleton (D:3)
  5 bats
  7 frilled lizards
  5 kobolds
  2 leopard gecko skeletons (D:3)
  A leopard gecko zombie (D:3)
  2 quokka zombies (D:3)
  8 rats
130 creatures vanquished.

Vanquished Creatures (others)
  2 withered plants (D:3)
2 creatures vanquished.

Grand Total: 132 creatures vanquished

Notes
Turn   | Place    | Note
-------+----------+-------------------------------------------
     0 | D:1      | mopl the Palentonga Transmuter began the quest for the Orb.
     0 | D:1      | Reached XP level 1. HP: 17/17 MP: 3/3
   181 | D:1      | Reached XP level 2. HP: 8/24 MP: 5/5
   210 | D:1      | Learned a level 2 spell: Wereblood
   632 | D:1      | Reached XP level 3. HP: 23/29 MP: 6/6
   636 | D:1      | Learned a level 3 spell: Spider Form
  1011 | D:2      | Noticed Sigmund
  1032 | D:1      | HP: 1/29 [poisoned by miscasting Spider Form]
  1353 | D:2      | Killed Sigmund
  1354 | D:2      | Reached skill level 4 in Unarmed Combat
  1354 | D:2      | Reached skill level 3 in Transmutations
  1354 | D:2      | Reached skill level 1 in Poison Magic
  1354 | D:2      | Reached XP level 4. HP: 11/37 MP: 2/8
  1354 | D:2      | Reached XP level 5. HP: 13/42 MP: 2/9
  1770 | D:2      | Found a radiant altar of Vehumet.
  1772 | D:2      | Found a shimmering blue altar of Sif Muna.
  1820 | D:2      | Reached skill level 3 in Spellcasting
  2039 | D:2      | Noticed Terence
  2047 | D:2      | Killed Terence
  2090 | D:2      | Reached skill level 4 in Transmutations
  2090 | D:2      | Reached XP level 6. HP: 36/50 MP: 6/10
  2169 | D:2      | Learned a level 4 spell: Ice Form
  2814 | D:3      | Found a faded altar of an unknown god.
  2850 | D:3      | Became a worshipper of Lugonu the Unformed
  2850 | D:3      | Reached * piety under Lugonu
  2850 | D:3      | Reached ** piety under Lugonu
  3070 | D:3      | Reached skill level 5 in Unarmed Combat
  3319 | D:3      | Learned a level 1 spell: Apportation
  3842 | D:4      | Noticed Pikel
  3853 | D:4      | Killed Pikel
  3854 | D:4      | Reached skill level 5 in Transmutations
  3854 | D:4      | Reached skill level 1 in Ice Magic
  3854 | D:4      | Reached skill level 2 in Poison Magic
  3854 | D:4      | Gained mutation: You curl defensively after being hit.
                  | [Palentonga growth]
  3854 | D:4      | Reached XP level 7. HP: 46/55 MP: 7/12
  4060 | D:4      | Found a sacrificial altar of Ru.
  4242 | D:4      | Found an ancient bone altar of Kikubaaqudgha.
  4734 | D:5      | Entered Level 5 of the Dungeon
  5123 | D:5      | Reached XP level 8. HP: 60/63 MP: 13/13
  5133 | D:5      | Reached skill level 6 in Unarmed Combat
  5296 | D:5      | Reached skill level 2 in Ice Magic
  5425 | D:5      | Reached skill level 4 in Spellcasting
  5425 | D:5      | Reached skill level 6 in Transmutations
  5541 | D:6      | Found a staircase to the Ecumenical Temple.
  5879 | D:6      | Found a basalt altar of Yredelemnul.
  5922 | D:6      | Reached *** piety under Lugonu
  5930 | D:6      | Killed from afar by an orc priest

Illustrated notes

Levels and vault maps discovered:
D:1:      wheals_arrival_shading, layout_loops_ring
D:2:      minmay_diamond_boxcup, layout_rooms, grunt_temple_overflow_open,
          uniq_terence, uniq_sigmund
D:3:      cheibrodos_helix_gallery, layout_basic, serial_undead,
          serial_undead_d, serial_undead_f, serial_undead_e, serial_undead_a,
          serial_undead_e, serial_undead_f, serial_undead_b,
          chequers_ecumenical_altar_simple_redux, corner_web_ring
D:4:      layout_loops_corners, lemuel_coloured_pillars_altar,
          nicolae_ru_great_annihilating_truth, serial_rivers,
          chequers_serial_rivers_micro_d, chequers_serial_rivers_micro_c,
          chequers_serial_rivers_micro_b, chequers_serial_rivers_micro_d,
          chequers_serial_rivers_micro_a, wad_floor_pattern_untrapped,
          kennysheep_generic_room_10, uniq_pikel
D:5:      layout_loops_cross
D:6:      layout_rooms, dancing_weapons_uskayaw, marbit_many_paths,
          temple_statues, columned_hall_lemuel, minmay_pentangle

Skill      XL: |  1  2  3  4  5  6  7  8 |
---------------+-------------------------+-----
Unarmed Combat | 4 5 6 |  6.6
Transmutations | 3 4 5 6 |  6.4
Poison Magic   | 1 2 |  2.0
Spellcasting   | 3 4 |  4.2
Ice Magic      | 1 2 |  2.4
Fighting       | |  1.0
Dodging        | |  1.5

Action                   |  1- 3 |  4- 6 |  7- 9 || total
-------------------------+-------+-------+-------++-------
Melee: Unarmed           |    75 |   287 |   161 ||   523
       Tailslap          |     6 |    26 |     9 ||    41
       Punch             |     1 |     5 |     4 ||    10
       Kick              |     2 |    11 |       ||    13
       Headbutt          |       |     9 |       ||     9
 Cast: Beastly Appendage |     2 |     6 |     4 ||    12
       Wereblood         |     1 |     2 |     1 ||     4
       Spider Form       |     1 |     4 |     2 ||     7
  Use: Scroll            |       |     1 |       ||     1
 Stab: Sleeping          |       |     1 |     1 ||     2
       Distracted        |       |     1 |       ||     1
       Paralysed         |       |       |     2 ||     2
Armor: Robe              |    27 |    79 |    48 ||   154
       Skin              |       |     1 |     1 ||     2
Dodge: Dodged            |    30 |   155 |   101 ||   286
